 Seeded DCSS version 0.29-a0-555-g3b24f45cc1 (webtiles) character file.

Game seed: 20220606 (custom seed)

26 nrs142 the Chopper (level 2, -1/27 HPs)
             Began as a Minotaur Monk on June 7, 2022.
             Was a Believer of Qazlal.
             Slain by a worm (8 damage)
             ... on level 2 of the Dungeon.
             The game lasted 00:02:10 (1496 turns).

nrs142 the Chopper (Minotaur Monk)                  Turns: 1496, Time: 00:02:10

Health: -1/27      AC:  3    Str: 15    XL:     2   Next: 89%
Magic:  1/1        EV: 13    Int:  7    God:    Qazlal [**....]
Gold:   90         SH:  3    Dex: 12    Spells: 1/1 levels left

rFire   . . .      SeeInvis .   f - +0 broad axe
rCold   . . .      Faith    .   (no shield)
rNeg    . . .      Spirit   .   b - +0 robe
rPois   .          Reflect  .   (helmet restricted)
rElec   .          Harm     .   (no cloak)
rCorr   .          Rampage  .   h - +0 pair of gloves
Will    .....                   (no boots)
Stlth   +.........              (no amulet)
HPRegen 0.09/turn               (no ring)
MPRegen 0.07/turn               (no ring)

@: no status effects
A: horns 2, retaliatory headbutt
a: Renounce Religion, Upheaval


You were on level 2 of the Dungeon.
You worshipped Qazlal.
Qazlal was pleased with you.
You visited 1 branch of the dungeon, and saw 2 of its levels.

You collected 90 gold pieces.

Inventory:

Hand Weapons
 f - a +0 broad axe (weapon)
Armour
 b - a +0 robe (worn)
 h - a +0 pair of gloves (worn)
Jewellery
 j - an amulet of magic regeneration
Scrolls
 a - a scroll of silence {unknown}
 d - a scroll of noise {unknown}
 e - 2 scrolls of identify {unknown}
 g - a scroll of fear {unknown}
 k - 3 scrolls of teleportation {unknown}
 l - a scroll of poison {unknown}
Potions
 c - a potion of ambrosia
 i - a potion of brilliance


   Skills:
 + Level 4.0 Fighting
 + Level 4.0 Axes
 + Level 3.6 Dodging
 + Level 2.0 Stealth


You had one spell level left.
You didn't know any spells.
Your spell library contained the following spells:

 Spells                   Type           Power      Damage    Failure   Level
 Confusing Touch          Hex            0%         N/A       80%         3
 Yara's Violent Unravell  Hex/Tmut       0%         3d3       100%        5
 Enfeeble                 Hex            0%         N/A       100%        7


Dungeon Overview and Level Annotations

Branches:
Dungeon (2/15)

Altars:
Qazlal
Beogh


Innate Abilities, Weirdness & Mutations

You have a pair of horns on your head.
You reflexively headbutt those who attack you in melee.


Message History

No target in view!
Found a morningstar.
You hear a shout!
l - a scroll labelled APSULUM TAS A goblin comes into view.
It is wielding a +0 dagger.
You slash the goblin!
You kill the goblin!
Qazlal accepts your kill.
A rat comes into view.
A worm comes into view.
The rat closely misses you.
Things that are here:
a +0 dagger; a goblin corpse You slash the rat!
You kill the rat!
Qazlal accepts your kill.
An adder comes into view.
You barely miss the worm. You headbutt the worm.
The worm is moderately wounded.
You hit the worm.
The worm is severely wounded.
The worm bites you.
You hit the worm.
The worm is almost dead.
The worm bites you! The worm bites you! The worm bites you.
* * * LOW HITPOINT WARNING * * *
The worm barely misses you. The worm closely misses you.
The worm barely misses you. The worm closely misses you. The worm bites you.
* * * LOW HITPOINT WARNING * * *
The worm closely misses you. The worm closely misses you.
The worm completely misses you. The worm barely misses you. The worm bites you!
You die...

#####.##.#
#.... #...#.#
.. . #.#.#.# ..
# ##.#.### ..[#
#..#.. ..#.
##.###.# ....
###..# .. ....
####...## #..
#.. #...@###
###
.....)..wS..#
####....###...#
## ####.. ##
#####. ###
###.....
##.......
#........
##.......
##.....#


You could see a worm and an adder.

Vanquished Creatures
  2 dart slugs (D:2)
  2 endoplasms
  A giant cockroach (D:1)
  3 goblins
  3 hobgoblins
  2 ball pythons
  A bat (D:1)
  A frilled lizard (D:1)
  2 kobolds (D:1)
  6 rats
23 creatures vanquished.

Notes
Turn   | Place    | Note
-------+----------+-------------------------------------------
     0 | D:1      | nrs142 the Minotaur Monk began the quest for the Orb.
     0 | D:1      | Reached XP level 1. HP: 19/19 MP: 0/0
   585 | D:1      | Reached XP level 2. HP: 27/27 MP: 1/1
   599 | D:1      | Found a faded altar of an unknown god.
   602 | D:1      | Prayed at the altar of an unknown god.
   602 | D:1      | Became a worshipper of Qazlal Stormbringer
   602 | D:1      | Reached * piety under Qazlal
   602 | D:1      | Reached ** piety under Qazlal
  1496 | D:2      | Slain by a worm

Illustrated notes

Levels and vault maps discovered:
D:1:      dpeg_arrival_lava_temple_mockup, layout_loops_ring,
          hellmonk_ecumenical_altar_defaced_shrine
D:2:      minmay_general_purpose_star, layout_rooms

Skill      XL: |  1  2 |
---------------+-------+-----
Stealth        | 2 |  2.0
Fighting       | 4 |  4.0
Axes           | 4 |  4.0
Dodging        | |  3.6

Action                   || total
-------------------------++-------
Melee: Broad axe         ||    33
       Hand axe          ||    11
       Headbutt          ||     4
  Use: Potion            ||     3
Armor: Robe              ||    11
Dodge: Dodged            ||    33
Block: Other             ||     3

Table legend: (Time is in decaauts)
 A = Elapsed time spent in this place.
 B = Non-inter-level travel time spent in this place.
 C = Inter-level travel time spent in this place.
 D = Time resting spent in this place.
 E = Time spent auto-exploring this place.
 F = Levels seen in this place.
 G = Mean time per level.
                   A        B        C        D        E       F      G
               +--------+--------+--------+--------+--------+-----+--------+
         Total |   1510 |   1500 |     10 |    181 |   1053 |   2 |  755.0 |
       Dungeon |   1510 |   1500 |     10 |    181 |   1053 |   2 |  755.0 |
               +--------+--------+--------+--------+--------+-----+--------+

Top non-repeatable levels by time:
     D:1: 1180 daAuts
     D:2: 330 daAuts
